 Seeded DCSS version 0.30-a0-34-gbe8da3892a (webtiles) character file.

Game seed: 9417740794639720958 (custom seed)

3728 timneilson the Blocker (level 10, -1/60 HPs)
             Began as a Gargoyle Fighter on Aug 27, 2022.
             Was a Follower of Okawaru.
             Slain by a gnoll sergeant
             ... wielding a +0 glaive
              (11 damage)
             ... in a bailey.
             The game lasted 00:17:02 (6927 turns).

timneilson the Blocker (Gargoyle Fighter)           Turns: 6927, Time: 00:17:03

Health: -1/60      AC: 23    Str: 23    XL:     10   Next: 14%
Magic:  11/11      EV:  8    Int: 10    God:    Okawaru [*.....]
Gold:   380        SH:  9    Dex:  9    Spells: 9/9 levels left

rFire   + + +      SeeInvis .    e - +3 double sword "Yskotog" {flame, Contam rElec rF+++}
rCold   + . .      Faith    .    u - +0 kite shield
rNeg    + . .      Spirit   .    m - +0 chain mail {rC+}
rPois   ∞          Reflect  .    (no helmet)
rElec   +          Harm     .    (no cloak)
rCorr   .          Rampage  .    (no gloves)
Will    +....                    c - +0 pair of boots
Stlth   ..........               l - amulet of regeneration
HPRegen 1.00/turn                f - ring of willpower
MPRegen 0.12/turn                r - +4 ring of protection

@: hasted, very quick
A: sickness immunity, AC +7, negative energy resistance 1, electricity
resistance, torment resistance 1, petrification resistance
a: Renounce Religion, Heroism


You were in a bailey.
You worshipped Okawaru.
Okawaru was aware of your devotion.
You visited 2 branches of the dungeon, and saw 9 of its levels.
You also visited: Bailey.

You collected 380 gold pieces.

Inventory:

Hand Weapons
 d - a +0 scimitar
 e - the +3 double sword "Yskotog" (weapon) {flame, Contam rElec rF+++}
   (You acquired it on level 4 of the Dungeon)

   It burns those it strikes, dealing additional fire damage.
   Big, fiery blades are also staple armaments of hydra-hunters.
   rF:        It renders you almost immune to fire.
   rElec:     It insulates you from electricity.
   Contam:    It causes magical contamination when unequipped.
Missiles
 b - 3 throwing nets (quivered)
Armour
 c - a +0 pair of boots (worn)
 m - a +0 chain mail of cold resistance (worn)
 n - a +0 plate armour
 u - a +0 kite shield (worn)
Jewellery
 f - a ring of willpower (left hand)
 l - an amulet of regeneration (around neck)
 r - a +4 ring of protection (right hand)
Wands
 h - a wand of flame (20)
 w - a wand of digging (4)
 x - a wand of paralysis (10)
Scrolls
 s - 4 scrolls of teleportation
 y - a scroll of fear
Potions
 a - 2 potions of degeneration {unknown}
 g - a potion of heal wounds
 i - a potion of invisibility
 j - 2 potions of lignification
 k - 2 potions of curing
 o - 2 potions of flight
 p - 2 potions of ambrosia
 q - a potion of berserk rage {unknown}
 v - a potion of resistance {unknown}


   Skills:
 + Level 6.1 Fighting
 * Level 6.4 Long Blades
 * Level 8.1 Armour
 + Level 3.7 Dodging
 * Level 8.3 Shields
 + Level 2.0 Invocations
 + Level 3.0 Evocations


You had 9 spell levels left.
You didn't know any spells.
Your spell library was empty.

Dungeon Overview and Level Annotations

Branches:
Dungeon (8/15)             Temple (1/1) D:7          Bailey (1/1)
   Lair: D:8-11

Altars:
Ashenzari
Cheibriados
Dithmenos
Fedhas
Gozag
Hepliaklqana
Kikubaaqudgha
Makhleb
Nemelex Xobeh
Okawaru
Qazlal
Ru
Sif Muna
Trog
Uskayaw
Vehumet
Wu Jian
Xom
Yredelemnul
Zin
The Shining One

Shops:
D:4 *=   D:7 [


Innate Abilities, Weirdness & Mutations

You are immune to sickness and miasma.
Your stone body is resilient. (AC +7)
You are immune to poison.
You resist negative energy. (rN+)
You are resistant to electric shocks. (rElec)
You are resistant to unholy torment.
You are immune to petrification.


Message History

The gnoll sergeant is no longer moving quickly.
The gnoll sergeant barely misses you. The gnoll barely misses you.
You block the gnoll sergeant's attack. The gnoll barely misses you.
You feel much better.
You feel like a meek peon again.
The gnoll is no longer moving quickly.
The gnoll hits you with a +0 halberd.
The gnoll sergeant hits you but does no damage.
The gnoll hits you from afar with a +0 halberd.
You hit the gnoll. You burn the gnoll.
You kill the gnoll!
Okawaru accepts your kill.
The gnoll is no longer moving quickly.
The gnoll sergeant barely misses you. The gnoll barely misses you.
The gnoll sergeant completely misses you.
The gnoll hits you but does no damage.
You barely miss the gnoll sergeant.
The gnoll sergeant hits you with a +0 glaive!
You block the gnoll's attack. The gnoll sergeant closely misses you.
You barely miss the gnoll sergeant.
The gnoll is no longer moving quickly.
The gnoll hits you but does no damage.
The gnoll sergeant hits you but does no damage.
The gnoll hits you but does no damage.
You hit the gnoll sergeant. You burn the gnoll sergeant.
The gnoll sergeant is moderately wounded.
The gnoll sergeant hits you with a +0 glaive!
The gnoll hits you but does no damage.
The gnoll sergeant hits you but does no damage.
You block the gnoll's attack.
You slash the gnoll sergeant! You burn the gnoll sergeant.
The gnoll sergeant is severely wounded.
You block the gnoll's attack. You block the gnoll sergeant's attack.
You hit the gnoll. You burn the gnoll.
The gnoll is moderately wounded.
The gnoll hits you from afar with a +0 halberd.
* * * LOW HITPOINT WARNING * * *
You block the gnoll's attack.
The gnoll sergeant hits you with a +0 glaive!
* * * LOW HITPOINT WARNING * * *
The gnoll sergeant hits you with a +0 glaive!
You die...

................
######'''######.
#..)# #...#
#.(.# ##'##
##.g.##
##.).gg##
#..@g)..#
#..$8$..#
#.......#
##.....##
##...## ##+##


You could see 2 gnoll sergeants and 2 gnolls.

Vanquished Creatures
  A hornet (D:6)
  Grinder (D:5)
  Sigmund (D:4)
  2 ice beasts
  2 sky beasts
  A black bear (D:7)
  4 ogres
  A centaur (D:8)
  A phantom (D:3)
  A bullfrog (D:7)
  A necrophage (D:6)
  2 gnoll sergeants (D:6)
  2 scorpions (D:5)
  12 wights
  6 killer bees (D:7)
  3 howler monkeys (D:8)
  3 jellies
  4 hounds
  3 orc priests
  A gnoll bouda (Bailey)
  Terence (D:2)
  Ijyb (D:2)
  3 iguanas
  3 orc wizards
  21 gnolls
  7 adders
  An ufetubus (D:6)
  6 worms
  4 dart slugs
  24 orcs
  2 endoplasms (D:1)
  2 giant cockroaches (D:2)
  9 goblins
  5 hobgoblins
  4 quokkas
  4 ball pythons
  7 bats
  3 frilled lizards
  8 kobolds
  3 rats
170 creatures vanquished.

Notes
Turn   | Place    | Note
-------+----------+-------------------------------------------
     0 | D:1      | timneilson the Gargoyle Fighter began the quest for the
                  | Orb.
     0 | D:1      | Reached XP level 1. HP: 14/14 MP: 1/1
   254 | D:1      | Reached XP level 2. HP: 17/19 MP: 2/2
  1013 | D:2      | Reached XP level 3. HP: 13/23 MP: 3/3
  1176 | D:2      | Found a snail-covered altar of Cheibriados.
  1716 | D:2      | Reached XP level 4. HP: 28/28 MP: 4/4
  1745 | D:2      | Noticed Terence
  1761 | D:2      | Killed Terence
  2037 | D:2      | Found a faded altar of an unknown god.
  2600 | D:3      | Noticed Ijyb
  2694 | D:2      | Killed Ijyb
  2695 | D:2      | Reached XP level 5. HP: 30/33 MP: 5/5
  2761 | D:3      | Noticed a phantom
  2777 | D:3      | Killed a phantom
  2778 | D:3      | Reached skill level 1 in Dodging
  2941 | D:3      | Reached XP level 6. HP: 33/38 MP: 4/6
  3226 | D:3      | Found a sparkling altar of Nemelex Xobeh.
  3226 | D:3      | Found an opulent altar of Gozag.
  3429 | D:4      | Found Huggoo's Jewellery Boutique.
  3579 | D:4      | Reached skill level 5 in Shields
  3811 | D:4      | Reached skill level 5 in Armour
  3817 | D:4      | Reached XP level 7. HP: 43/43 MP: 7/7
  4162 | D:4      | Found Doinurphy's Desiderata Depot.
  4195 | D:4      | Noticed Sigmund
  4209 | D:4      | Killed Sigmund
  4210 | D:4      | Reached XP level 8. HP: 48/48 MP: 8/8
  4430 | D:4      | Identified a scroll of acquirement
  4430 | D:4      | Acquired the +3 double sword "Yskotog" {flame, Contam rElec
                  | rF+++}
  4445 | D:5      | Entered Level 5 of the Dungeon
  4788 | D:5      | Noticed Grinder
  4810 | D:5      | Killed Grinder
  4811 | D:5      | Reached skill level 5 in Fighting
  4811 | D:5      | Reached skill level 1 in Evocations
  4869 | D:5      | Reached skill level 5 in Long Blades
  5205 | D:6      | Reached XP level 9. HP: 51/54 MP: 9/9
  5336 | D:6      | Noticed a hornet
  5365 | D:6      | Killed a hornet
  5816 | D:7      | Found a staircase to the Ecumenical Temple.
  5829 | Temple   | Entered the Ecumenical Temple
  6010 | Temple   | Became a worshipper of Warmaster Okawaru
  6215 | D:7      | Found Afen's Antique Armour Shop.
  6310 | D:7      | Reached skill level 1 in Invocations
  6322 | D:7      | Reached * piety under Okawaru
  6444 | D:7      | Found a broken altar of Ashenzari.
  6444 | D:7      | Found a shadowy altar of Dithmenos.
  6444 | D:7      | Found a shimmering blue altar of Sif Muna.
  6444 | D:7      | Found a basalt altar of Yredelemnul.
  6578 | D:7      | Found a hide-covered altar of Uskayaw.
  6602 | D:7      | Reached XP level 10. HP: 55/60 MP: 11/11
  6781 | D:8      | Found a flagged portal.
  6830 | Bailey   | Entered a bailey
  6927 | Bailey   | Slain by a gnoll sergeant

Illustrated notes

Levels and vault maps discovered:
D:1:      dpeg_arrival_radiant, layout_loops_cross, kennysheep_boxes
D:2:      layout_basic, chequers_ecumenical_altar_lobes, basic_altar,
          uniq_terence
D:3:      layout_basic, grunt_temple_overflow_opulence, uniq_ijyb
D:4:      layout_basic, serial_shops, shop_statue, nicolae_alphabet_shops,
          minmay_quantized, uniq_sigmund
D:5:      layout_gridville, minivault_23, uniq_grinder
D:6:      layout_loops_ring
D:7:      layout_loops_ring, chequers_temple_overflow_statue_of_worship,
          nicolae_uskayaw_murder_on_the_dancefloor, minmay_temple_entry_mist,
          serial_shops, shop_fountains
D:8:      gammafunk_sealed_arena, layout_cave_pools, enter_bailey_5
Temple:   nicolae_temple_bog_church
Bailey:   bailey_polearm_gnolls_kennysheep, bailey

Skill      XL: |  1  2  3  4  5  6  7  8  9 10 |
---------------+-------------------------------+-----
Long Blades    | 2 3 4 5 6 |  6.4
Shields        | 4 5 6 8 |  8.3
Armour         | 4 5 6 7 8 |  8.1
Dodging        | 1 2 3 |  3.7
Fighting       | 4 5 6 |  6.1
Evocations     | 1 2 3 |  3.0
Invocations    | 1 2 |  2.0

Action                   |  1- 3 |  4- 6 |  7- 9 | 10-12 || total
-------------------------+-------+-------+-------+-------++-------
Melee: Long sword        |   111 |   236 |       |       ||   347
       Unarmed           |       |     3 |       |       ||     3
       Scimitar          |       |       |   128 |       ||   128
       Double sword      |       |       |   248 |    89 ||   337
Invok: Heroism           |       |       |       |     1 ||     1
  Use: Scroll            |     3 |     8 |     6 |     4 ||    21
       Potion            |       |     2 |     2 |     3 ||     7
 Stab: Invisible         |       |       |     1 |       ||     1
Armor: Scale mail        |    55 |    12 |       |       ||    67
       Chain mail        |       |    93 |   216 |   116 ||   425
       Skin              |       |    13 |       |       ||    13
Dodge: Dodged            |    40 |    78 |   136 |    96 ||   350
Block: Buckler           |    28 |    62 |    68 |       ||   158
       Kite shield       |       |       |    71 |   109 ||   180

Table legend: (Time is in decaauts)
 A = Elapsed time spent in this place.
 B = Non-inter-level travel time spent in this place.
 C = Inter-level travel time spent in this place.
 D = Time resting spent in this place.
 E = Time spent auto-exploring this place.
 F = Levels seen in this place.
 G = Mean time per level.
                   A        B        C        D        E       F      G
               +--------+--------+--------+--------+--------+-----+--------+
         Total |   7128 |   6986 |    142 |     37 |   4889 |  10 |  712.8 |
       Dungeon |   6828 |   6710 |    118 |     37 |   4723 |   8 |  853.5 |
        Temple |    194 |    170 |     24 |      0 |    149 |   1 |  194.0 |
        Bailey |    105 |    105 |      0 |      0 |     17 |   1 |  105.0 |
               +--------+--------+--------+--------+--------+-----+--------+

Top non-repeatable levels by time:
     D:2: 1468 daAuts
     D:4: 1088 daAuts
     D:3: 1008 daAuts
     D:1: 998 daAuts
     D:7: 810 daAuts
     D:5: 700 daAuts
     D:6: 688 daAuts
  Temple: 194 daAuts
  Bailey: 105 daAuts
     D:8: 65 daAuts
